TOP OF THE 1ST |
Santa Fe Diablos batting - Pitching for West Virginia Power : RHP Tom Mobley
|
Pitching: RHP Tom Mobley
|
|
Batting: LHB David Hernández
|
0-0: Ball 1-0: Ball 2-0: Called Strike 2-1: Fly out, F7 (Flyball, 7)
|
Batting: RHB Luis Mercado
|
0-0: Ball 1-0: Ball 2-0: Called Strike 2-1: Ground out 6-3 (Groundball, 6)
|
Batting: RHB Ray Ervin
|
0-0: Ball 1-0: Ball 2-0: Called Strike 2-1: Foul Ball, location: 2F 2-2: Ball 3-2: Base on Balls
|
Batting: LHB Arturo Rodledo
|
0-0: Ground out 4-3 (Groundball, 34)
|
Top of the 1st over - 0 runs, 0 hits, 0 errors, 1 left on base; Santa Fe 0 - West Virginia 0 |
BOTTOM OF THE 1ST |
West Virginia Power batting - Pitching for Santa Fe Diablos : LHP Juan Parrot
|
Pitching: LHP Juan Parrot
|
|
Batting: RHB Matt Tucker
|
0-0: Fly out, F4 (Popup, 4S)
|
Batting: RHB Nick Mackin
|
0-0: SINGLE (Groundball, 13S) (infield hit)
|
Batting: RHB Joe Salas
|
0-0: Ball 1-0: Ball 2-0: Foul Ball, location: 2F 2-1: Fly out, F7 (Line Drive, 78M)
|
Batting: RHB Millard Walker
|
0-0: Ball 1-0: Ball 2-0: Foul Ball, location: 2F 2-1: Foul Ball, location: 2F 2-2: Ball 3-2: SINGLE (Groundball, 56D) Nick Mackin to second Nick Mackin to third
|
Batting: RHB Joaquín Vásquez
|
0-0: Ball 1-0: Ball 2-0: Ball 3-0: Called Strike 3-1: SINGLE (Groundball, 34D) Nick Mackin scores Millard Walker to second Runner from 2nd tries for 3rd, SAFE, no throw
|
Batting: RHB Luis Árias
|
0-0: Ball 1-0: Called Strike 1-1: Ball 2-1: SINGLE (Flyball, 6D) Millard Walker scores Joaquín Vásquez to second
|
Batting: RHB Will Stafford
|
0-0: Foul Ball, location: 2F 0-1: Ball 1-1: Ball 2-1: Ball 3-1: Base on Balls Joaquín Vásquez to third Luis Árias to second
|
Batting: RHB Roberto Chávez
|
0-0: Ball 1-0: Ball 2-0: Ball 3-0: Called Strike 3-1: DOUBLE (Flyball, 89XD) Joaquín Vásquez scores Luis Árias scores Will Stafford to third
|
Batting: RHB Julián Garza
|
0-0: Ball 1-0: Called Strike 1-1: Ball 2-1: Foul Ball, location: 2F 2-2: Foul Ball, location: 2F 2-2: Ball 3-2: Foul Ball, location: 2F 3-2: Strikes out swinging
|
Bottom of the 1st over - 4 runs, 5 hits, 0 errors, 2 left on base; Santa Fe 0 - West Virginia 4 |
TOP OF THE 2ND |
Santa Fe Diablos batting - Pitching for West Virginia Power : RHP Tom Mobley
|
Batting: RHB Flint Todd
|
0-0: Called Strike 0-1: Called Strike 0-2: Ball 1-2: Fly out, F7 (Flyball, 7LS)
|
Batting: RHB Chris Rice
|
0-0: Called Strike 0-1: Ball 1-1: Ball 2-1: SINGLE (Groundball, 4MD)
|
Batting: LHB Luis Gallegos
|
0-0: Called Strike 0-1: Ball 1-1: Ball 2-1: Called Strike 2-2: Strikes out swinging
|
Batting: RHB Nate Atkinson
|
0-0: Ball Wild Pitch! Chris Rice to second 1-0: Swinging Strike 1-1: Called Strike 1-2: Ground out 4-3 (Groundball, 4)
|
Top of the 2nd over - 0 runs, 1 hit, 0 errors, 1 left on base; Santa Fe 0 - West Virginia 4 |
BOTTOM OF THE 2ND |
West Virginia Power batting - Pitching for Santa Fe Diablos : LHP Juan Parrot
|
Batting: RHB Matt Tucker
|
0-0: Ball 1-0: Ball 2-0: Ball 3-0: Called Strike 3-1: Ground out 6-3 (Groundball, 56)
|
Batting: RHB Nick Mackin
|
0-0: Ground out U3 (Groundball, 34)
|
Batting: RHB Joe Salas
|
0-0: Ball 1-0: Called Strike 1-1: Foul Ball, location: 2F 1-2: Ball 2-2: DOUBLE (Line Drive, 78D)
|
Batting: RHB Millard Walker
|
0-0: Swinging Strike 0-1: Ball 1-1: Ball 2-1: Fly out, F9 (Flyball, 9S)
|
Bottom of the 2nd over - 0 runs, 1 hit, 0 errors, 1 left on base; Santa Fe 0 - West Virginia 4 |
TOP OF THE 3RD |
Santa Fe Diablos batting - Pitching for West Virginia Power : RHP Tom Mobley
|
Batting: SHB Ed Dundee
|
0-0: Swinging Strike 0-1: Ball 1-1: Ball 2-1: Fly out, F8 (Flyball, 8LS)
|
Batting: LHB David Hernández
|
0-0: Ball 1-0: Called Strike 1-1: Ball 2-1: SINGLE (Groundball, 6D)
|
Batting: RHB Luis Mercado
|
0-0: Called Strike 0-1: Fly out, F4 (Line Drive, 4M)
|
Batting: RHB Ray Ervin
|
0-0: Ball 1-0: Fly out, F7 (Line Drive, 7)
|
Top of the 3rd over - 0 runs, 1 hit, 0 errors, 1 left on base; Santa Fe 0 - West Virginia 4 |
BOTTOM OF THE 3RD |
West Virginia Power batting - Pitching for Santa Fe Diablos : LHP Juan Parrot
|
Batting: RHB Joaquín Vásquez
|
0-0: Ball 1-0: Ball 2-0: Called Strike 2-1: Swinging Strike 2-2: Ground out 5-3 (Groundball, 56D)
|
Batting: RHB Luis Árias
|
0-0: Called Strike 0-1: Ball 1-1: Called Strike 1-2: Ball 2-2: Fly out, F9 (Flyball, 89D)
|
Batting: RHB Will Stafford
|
0-0: Called Strike 0-1: Ball 1-1: Foul Ball, location: 2F 1-2: Strikes out looking
|
Bottom of the 3rd over - 0 runs, 0 hits, 0 errors, 0 left on base; Santa Fe 0 - West Virginia 4 |
TOP OF THE 4TH |
Santa Fe Diablos batting - Pitching for West Virginia Power : RHP Tom Mobley
|
Batting: LHB Arturo Rodledo
|
0-0: Called Strike 0-1: Swinging Strike 0-2: SINGLE (Flyball, 9S)
|
Batting: RHB Flint Todd
|
0-0: Called Strike 0-1: Called Strike 0-2: Foul Ball, location: 2F 0-2: Ball 1-2: Strikes out swinging
|
Batting: RHB Chris Rice
|
0-0: Ball 1-0: Called Strike 1-1: Ball 2-1: Foul Ball, location: 2F 2-2: Fly out, F9 (Flyball, 9S)
|
Batting: LHB Luis Gallegos
|
0-0: Swinging Strike 0-1: Called Strike 0-2: Fly out, F1 (Line Drive, 13)
|
Top of the 4th over - 0 runs, 1 hit, 0 errors, 1 left on base; Santa Fe 0 - West Virginia 4 |
BOTTOM OF THE 4TH |
West Virginia Power batting - Pitching for Santa Fe Diablos : LHP Juan Parrot
|
Batting: RHB Roberto Chávez
|
0-0: Swinging Strike 0-1: Fly out, F4 (Line Drive, 4M)
|
Batting: RHB Julián Garza
|
0-0: Ball 1-0: Swinging Strike 1-1: Ball 2-1: SOLO HOME RUN (Flyball, 9LD), Distance : 346 ft
|
Batting: RHB Matt Tucker
|
0-0: Ball 1-0: Ground out 1-3 (Groundball, P)
|
Batting: RHB Nick Mackin
|
0-0: Ball 1-0: DOUBLE (Line Drive, 7D)
|
Pitching: RHP Ron Hannah
|
|
Batting: RHB Joe Salas
|
0-0: Called Strike 0-1: Ball 1-1: Swinging Strike 1-2: Strikes out swinging
|
Bottom of the 4th over - 1 run, 2 hits, 0 errors, 1 left on base; Santa Fe 0 - West Virginia 5 |
TOP OF THE 5TH |
Santa Fe Diablos batting - Pitching for West Virginia Power : RHP Tom Mobley
|
Batting: RHB Nate Atkinson
|
0-0: Swinging Strike 0-1: Ball 1-1: SINGLE (Groundball, 6D)
|
Batting: SHB Ed Dundee
|
0-0: Ball 1-0: Ball 2-0: Fielders Choice at 2nd, 5-4 (Groundball, 56)
|
Batting: LHB David Hernández
|
0-0: Ball 1-0: Ball 2-0: Ball 3-0: Base on Balls Ed Dundee to second
|
Batting: RHB Luis Mercado
|
0-0: Ball 1-0: Fly out, F9 (Flyball, 9) Runner from 2nd tags up, SAFE at 3rd with throw
|
Batting: RHB Ray Ervin
|
0-0: Called Strike 0-1: Foul Ball, location: 2F 0-2: Ball 1-2: Fly out, F5 (Line Drive, 5S)
|
Top of the 5th over - 0 runs, 1 hit, 0 errors, 2 left on base; Santa Fe 0 - West Virginia 5 |
BOTTOM OF THE 5TH |
West Virginia Power batting - Pitching for Santa Fe Diablos : RHP Ron Hannah
|
Batting: RHB Millard Walker
|
0-0: Called Strike 0-1: Called Strike 0-2: Ground out 6-3 (Groundball, 56)
|
Batting: RHB Joaquín Vásquez
|
0-0: Called Strike 0-1: Foul Ball, location: 2F 0-2: Ball 1-2: Ground out 4-3 (Groundball, 4M)
|
Batting: RHB Luis Árias
|
0-0: Called Strike 0-1: Ball 1-1: Ball 2-1: Swinging Strike 2-2: Strikes out swinging
|
Bottom of the 5th over - 0 runs, 0 hits, 0 errors, 0 left on base; Santa Fe 0 - West Virginia 5 |
TOP OF THE 6TH |
Santa Fe Diablos batting - Pitching for West Virginia Power : RHP Tom Mobley
|
Batting: LHB Arturo Rodledo
|
0-0: Ball 1-0: Called Strike 1-1: Foul Ball, location: 2F 1-2: Strikes out looking
|
Batting: RHB Flint Todd
|
0-0: Foul Ball, location: 2F 0-1: Ball 1-1: Called Strike 1-2: Ball 2-2: Foul Ball, location: 2F 2-2: Strikes out swinging
|
Batting: RHB Chris Rice
|
0-0: Ball 1-0: Called Strike 1-1: Foul Ball, location: 2F 1-2: Fly out, F7 (Flyball, 78M)
|
Top of the 6th over - 0 runs, 0 hits, 0 errors, 0 left on base; Santa Fe 0 - West Virginia 5 |
BOTTOM OF THE 6TH |
West Virginia Power batting - Pitching for Santa Fe Diablos : RHP Ron Hannah
|
Batting: RHB Will Stafford
|
0-0: Ground out 5-3 (Groundball, 56S)
|
Batting: RHB Roberto Chávez
|
0-0: Ball 1-0: DOUBLE (Flyball, 78XD)
|
Batting: RHB Julián Garza
|
0-0: DOUBLE (Line Drive, 89D) Roberto Chávez scores
|
Batting: RHB Matt Tucker
|
0-0: Called Strike 0-1: Ground out 6-3 (Groundball, 6) Julián Garza to third
|
Batting: RHB Nick Mackin
|
0-0: Called Strike 0-1: Hit by Pitch
|
Batting: RHB Joe Salas
|
0-0: Foul Ball, location: 2F 0-1: Ball 1-1: Swinging Strike Balk! Julián Garza scores Nick Mackin to second 1-2: Ball 2-2: Ball 3-2: Base on Balls
|
Batting: RHB Millard Walker
|
0-0: Fielders Choice at 2nd, U6 (Groundball, 6M)
|
Bottom of the 6th over - 2 runs, 2 hits, 0 errors, 2 left on base; Santa Fe 0 - West Virginia 7 |
TOP OF THE 7TH |
Santa Fe Diablos batting - Pitching for West Virginia Power : RHP Tom Mobley
|
Batting: LHB Luis Gallegos
|
0-0: Ball 1-0: Ground out 4-3 (Groundball, 4)
|
Batting: RHB Nate Atkinson
|
0-0: Foul Ball, location: 2F 0-1: Ball 1-1: Foul Ball, location: 2F 1-2: Strikes out looking
|
Batting: SHB Ed Dundee
|
0-0: Foul Ball, location: 2F 0-1: Ground out 4-3 (Groundball, 34)
|
Top of the 7th over - 0 runs, 0 hits, 0 errors, 0 left on base; Santa Fe 0 - West Virginia 7 |
BOTTOM OF THE 7TH |
West Virginia Power batting - Pitching for Santa Fe Diablos : RHP Ron Hannah
|
Batting: RHB Joaquín Vásquez
|
0-0: Called Strike 0-1: Ball 1-1: Ball 2-1: SINGLE (Line Drive, 5S)
|
Batting: RHB Luis Árias
|
0-0: Called Strike Joaquín Vásquez steals 2nd base 0-1: Ball 1-1: Ground out 6-3 (Groundball, 6) Joaquín Vásquez to third
|
Batting: RHB Will Stafford
|
0-0: Ball 1-0: Ground out 3-1 (Groundball, 34S) Joaquín Vásquez scores
|
Batting: RHB Roberto Chávez
|
0-0: Ball 1-0: Ball 2-0: Swinging Strike 2-1: Foul Ball, location: 2F 2-2: Ball 3-2: Foul Ball, location: 2F 3-2: Strikes out swinging
|
Bottom of the 7th over - 1 run, 1 hit, 0 errors, 0 left on base; Santa Fe 0 - West Virginia 8 |
TOP OF THE 8TH |
Santa Fe Diablos batting - Pitching for West Virginia Power : RHP Tom Mobley
|
Batting: LHB David Hernández
|
0-0: Hit by Pitch
|
Batting: RHB Luis Mercado
|
0-0: Called Strike 0-1: Ball 1-1: Foul Ball, location: 2F 1-2: Foul Ball, location: 2F 1-2: Fly out, F7 (Flyball, 7LSF)
|
Batting: RHB Ray Ervin
|
0-0: Called Strike 0-1: Ball 1-1: Foul Ball, location: 2F 1-2: Foul Ball, location: 2F 1-2: Ball 2-2: Ball 3-2: Strikes out swinging David Hernández steals 2nd base Batter strikes out.
|
Batting: LHB Arturo Rodledo
|
0-0: Called Strike 0-1: Swinging Strike 0-2: DOUBLE (Flyball, 8LXD) David Hernández scores
|
Pitching: RHP Eric Murphy
|
|
Batting: RHB Flint Todd
|
0-0: Ball 1-0: Ball 2-0: Ball 3-0: Base on Balls
|
Batting: RHB Chris Rice
|
0-0: Ball 1-0: SINGLE (Groundball, 3D) Arturo Rodledo to third Flint Todd to second Runner from 3rd tries for Home, SAFE, no throw
|
Batting: LHB Luis Gallegos
|
0-0: Swinging Strike 0-1: Swinging Strike 0-2: Strikes out looking
|
Top of the 8th over - 2 runs, 2 hits, 0 errors, 2 left on base; Santa Fe 2 - West Virginia 8 |
BOTTOM OF THE 8TH |
West Virginia Power batting - Pitching for Santa Fe Diablos : RHP Ron Hannah
|
Batting: RHB Julián Garza
|
0-0: Ball 1-0: Foul Ball, location: 2F 1-1: Called Strike 1-2: Strikes out looking
|
Batting: RHB Matt Tucker
|
0-0: Ball 1-0: Called Strike 1-1: Ball 2-1: Ball 3-1: Base on Balls
|
Batting: RHB Nick Mackin
|
0-0: Called Strike 0-1: Swinging Strike 0-2: Foul Ball, location: 2F 0-2: Ball 1-2: Fly out, F8 (Flyball, 8RD)
|
Batting: RHB Joe Salas
|
0-0: Swinging Strike 0-1: Foul Ball, location: 2F 0-2: Foul Ball, location: 2F 0-2: Foul Ball, location: 2F 0-2: Fly out, F8 (Flyball, 78D)
|
Bottom of the 8th over - 0 runs, 0 hits, 0 errors, 1 left on base; Santa Fe 2 - West Virginia 8 |
TOP OF THE 9TH |
Santa Fe Diablos batting - Pitching for West Virginia Power : RHP Eric Murphy
|
Batting: RHB Nate Atkinson
|
0-0: Called Strike 0-1: Ball 1-1: Ball 2-1: Called Strike 2-2: Foul Ball, location: 2F 2-2: Foul Ball, location: 2F 2-2: Foul Ball, location: 2F 2-2: SINGLE (Line Drive, 78S)
|
Batting: SHB Ed Dundee
|
0-0: Swinging Strike 0-1: Foul Ball, location: 2F 0-2: Ball 1-2: Ball 2-2: Grounds out, U3 (Groundball, 3L)
|
Batting: LHB David Hernández
|
0-0: Ball 1-0: Ball 2-0: Ball 3-0: Base on Balls
|
Batting: RHB Luis Mercado
|
0-0: Ball 1-0: Ball 2-0: Ball 3-0: Base on Balls Nate Atkinson to third David Hernández to second
|
Batting: RHB Ray Ervin
|
0-0: GRAND SLAM HOME RUN (Flyball, 78D), Distance : 411 ft
|
Pitching: LHP Joe Jewell
|
|
Batting: LHB Arturo Rodledo
|
0-0: Foul Ball, location: 2F 0-1: Foul Ball, location: 2F 0-2: Strikes out swinging
|
Batting: RHB Flint Todd
|
0-0: Ball 1-0: Ground out 5-3 (Groundball, 56)
|
Top of the 9th over - 4 runs, 2 hits, 0 errors, 0 left on base; Santa Fe 6 - West Virginia 8 |
|